 Dungeon Crawl Stone Soup version 0.28.0-53-g5a82cb258f (webtiles) character file.

Game seed: 16472399101412990941

190 wingedge the Chucker (level 5, 0/52 HPs)
             Began as an Ogre Arcane Marksman on June 12, 2022.
             Was an Initiate of Fedhas.
             Succumbed to an orc wizard's poison
             ... on level 3 of the Dungeon.
             The game lasted 00:15:05 (2903 turns).

wingedge the Chucker (Ogre Arcane Marksman)         Turns: 2903, Time: 00:15:06

Health: 0/52       AC:  3    Str: 16    XL:     5   Next: 69%
Magic:  17/17      EV: 10    Int: 14    God:    Fedhas [......]
Gold:   111        SH:  0    Dex:  9    Spells: 6/8 levels left

rFire   . . .      SeeInvis .   e - +0 whip (elec)
rCold   + . .      Faith    .   (no shield)
rNeg    . . .      Spirit   .   a - +0 robe
rPois   .          Reflect  .   (helmet restricted)
rElec   .          Harm     .   (no cloak)
rCorr   .          Rampage  .   (gloves unavailable)
Will    .....                   (boots unavailable)
Stlth   +.........              (no amulet)
HPRegen 0.17/turn               h - ring of magical power
MPRegen 0.15/turn               p - ring of protection from cold

@: confused, lethally poisoned (0 -> -30), ambrosia-drunk
A: large, unfitting armour, tough skin 1
a: Renounce Religion


You were on level 3 of the Dungeon.
You worshipped Fedhas.
Fedhas was noncommittal.
You visited 1 branch of the dungeon, and saw 3 of its levels.

You collected 111 gold pieces.

Inventory:

Hand Weapons
 e - a +0 whip of electrocution (weapon)
 q - a +0 giant club
Missiles
 c - 2 throwing nets (quivered)
 f - 2 boomerangs
 j - 100 arrows
 n - 6 poisoned darts
Armour
 a - a +0 robe (worn)
Jewellery
 h - a ring of magical power (left hand)
 m - a ring of magical power
 p - a ring of protection from cold (right hand)
Scrolls
 g - 2 scrolls of identify {unknown}
 i - a scroll of noise {unknown}
Potions
 l - a potion of degeneration {unknown}
 o - a potion of flight {unknown}


   Skills:
 + Level 2.9 Fighting
 + Level 1.1 Maces & Flails
 * Level 3.5 Throwing
 - Level 2.0 Dodging
 + Level 2.4 Spellcasting
 - Level 3.0 Hexes
 * Level 1.8 Translocations


You had 6 spell levels left.
You knew the following spells:

 Your Spells              Type           Power      Damage    Failure   Level
a - Slow                  Hex            40%        N/A       7%          1
b - Freeze                Ice            4%         1d3       22%         1

Your spell library contained the following spells:

 Spells                   Type           Power      Damage    Failure   Level
 Portal Projectile        Hex/Tloc       16%        N/A       26%         3
 Inner Flame              Hex/Fire       5%         N/A       36%         3
 Cause Fear               Hex            5%         N/A       54%         4
 Frozen Ramparts          Ice            2%         1d2       56%         3
 Hailstorm                Conj/Ice       1%         3d3       92%         4
 Freezing Cloud           Conj/Ice/Air   0%         6-21      99%         5
 Simulacrum               Ice/Necr       0%         N/A       100%        6
 Polar Vortex             Ice            0%         N/A       100%        9


Dungeon Overview and Level Annotations

Branches:
Dungeon (3/15)

Altars:
Fedhas

Shops:
D:1 [


Innate Abilities, Weirdness & Mutations

You are too large for most types of armour.
You have tough skin. (AC +1)


Message History

The orc wizard is almost dead.
You feel very sick. The orc wizard casts a spell at you.
You resist with some effort.
The orc wizard hits you but does no damage.
You are lethally poisoned!
Okay, then.
You hit the orc wizard.
You kill the orc wizard!
Fedhas appreciates your contribution to the ecosystem.
You feel very sick. The orc wizard closely misses you.
It was a potion of magic.
Magic courses through your body.
* * * LOW HITPOINT WARNING * * *
You feel very sick.
The orc wizard mumbles some strange words.
The orc wizard flickers and vanishes!
Deactivating autopickup; reactivate with Ctrl-A.
It was a potion of ambrosia.
You are confused.
You feel invigorated.
* * * LOW HITPOINT WARNING * * *
You feel very sick. Something hits you.
* * * LOW HITPOINT WARNING * * *
You are more poisoned.
* * * LOW HITPOINT WARNING * * *
You feel very sick. Something hits you.
* * * LOW HITPOINT WARNING * * *
You are more poisoned.
You bump into the rock wall.
* * * LOW HITPOINT WARNING * * *
You feel very sick. Something hits you.
* * * LOW HITPOINT WARNING * * *
You are more poisoned.
You miss something.
You die...
Fedhas appreciates your contribution to the ecosystem.

##########$##
.########....@{.....)
..........≈≈≈).)##...
#####..≈≈≈≈≈≈≈..##
#..≈≈≈≈≈≈≈≈≈..###
##.≈≈≈≈≈≈≈≈≈≈≈...#
#..≈≈≈≈.<.≈≈≈≈...#
#.≈≈≈≈..P♣.≈≈≈≈..#
#.≈≈≈≈.♣_..≈≈≈≈..# #
#.≈≈≈≈P..♣.≈≈≈≈..#


There were no monsters in sight!

Vanquished Creatures
  An ogre (D:3)
  An orc wizard (D:3)
  2 adders
  2 worms (D:3)
  2 orcs (D:3)
  5 ball pythons
  6 endoplasms
  A giant cockroach (D:2)
  2 goblins
  4 hobgoblins
  3 jackals (D:1)
  8 kobolds
  4 quokkas
  A bat (D:1)
  4 frilled lizards
  7 rats
53 creatures vanquished.

Vanquished Creatures (others)
  12 plants (D:3)
12 creatures vanquished.

Grand Total: 65 creatures vanquished

Notes
Turn   | Place    | Note
-------+----------+-------------------------------------------
     0 | D:1      | wingedge the Ogre Arcane Marksman began the quest for the
                  | Orb.
     0 | D:1      | Reached XP level 1. HP: 19/19 MP: 2/2
    51 | D:1      | Found Naann's Antique Armour Emporium.
    89 | D:1      | Reached XP level 2. HP: 12/28 MP: 4/4
   720 | D:1      | Reached XP level 3. HP: 34/35 MP: 5/5
  2214 | D:3      | Reached XP level 4. HP: 33/42 MP: 7/7
  2423 | D:3      | Learned a level 1 spell: Freeze
  2435 | D:3      | Noticed an ogre
  2437 | D:3      | Killed an ogre
  2438 | D:3      | Reached skill level 1 in Maces & Flails
  2438 | D:3      | Reached skill level 1 in Translocations
  2438 | D:3      | Reached XP level 5. HP: 52/52 MP: 8/8
  2844 | D:3      | Found a blossoming altar of Fedhas.
  2877 | D:3      | Became a worshipper of Fedhas Madash
  2902 | D:3      | HP: 2/52 [something (2)]
  2903 | D:3      | Succumbed to an orc wizard's poison

Illustrated notes

Levels and vault maps discovered:
D:1:      psy_arrival_basics, layout_loops_cross, serial_shops,
          nicolae_shop_temple_entry_statues_fountains, minmay_door_square,
          minmay_tetromino_o4
D:2:      layout_basic, minmay_misc_feat_encased
D:3:      layout_loops_corners, fedhas_ov_isle_minmay, serial_bayou,
          serial_bayou_pond_a, serial_bayou_lake_a, serial_bayou_shore_b,
          serial_bayou_crossing, serial_bayou_pond_e, serial_bayou_lagoon_b,
          minmay_snake_closets

Skill      XL: |  1  2  3  4 |
---------------+-------------+-----
Dodging        | 2 |  2.0
Fighting       | 2 |  2.9
Hexes          | 3 |  3.0
Spellcasting   | 2 |  2.4
Maces & Flails | 1 |  1.1
Throwing       | 3 |  3.5
Translocations | 1 |  1.8

Action                   |  1- 3 |  4- 6 || total
-------------------------+-------+-------++-------
Melee: Whip              |   125 |    65 ||   190
Throw: Large rock        |    17 |     5 ||    22
       Boomerang         |     8 |       ||     8
 Cast: Slow              |    30 |     6 ||    36
  Use: Potion            |       |     2 ||     2
 Stab: Sleeping          |     1 |       ||     1
Armor: Robe              |    28 |    15 ||    43
Dodge: Dodged            |    59 |    29 ||    88
